 Dungeon Crawl Stone Soup version 0.31-a0-819-gf6de2f5ab6 (webtiles) character file.

Game seed: 8068550080032930713

74 Kurtz the Chopper (level 4, 0/31 HPs)
             Began as an Octopode Fighter on Sept 25, 2023.
             Slain by an ogre
             ... wielding a +0 giant club
              (4 damage)
             ... on level 3 of the Dungeon.
             The game lasted 00:01:01 (1090 turns).

Kurtz the Chopper (Octopode Fighter)                Turns: 1090, Time: 00:01:01

Health: 0/31       AC:  1    Str: 15    XL:     4   Next: 28%
Magic:  4/4        EV: 13    Int: 10    God:
Gold:   55         SH:  4    Dex: 13    Spells: 3/3 levels left

rFire   . . .        a - +0 war axe
rCold   . . .        b - +0 buckler
rNeg    . . .        (helmet restricted)
rPois   .            n - amulet of faith
rElec   .            (no ring)
rCorr   .            (no ring)
SInv    .            (no ring)
Will    .....        (no ring)
Stlth   ++           (no ring)
HPRegen 0.25/turn    (no ring)
MPRegen 0.09/turn    (no ring)
                     (no ring)

%: faith
@: mighty
A: almost no armour, amphibious, 8 rings, camouflage 1, gelatinous body 1,
(nimble swimmer 1), tentacles
a: no special abilities


You were on level 3 of the Dungeon.
You visited 1 branch of the dungeon, and saw 3 of its levels.

You collected 55 gold pieces.

Inventory:

Hand Weapons
 a - a +0 war axe (weapon)
Armour
 b - a +0 buckler (worn)
Jewellery
 n - an amulet of faith (around mantle)
Scrolls
 d - 3 scrolls of torment {unknown}
 e - a scroll of fear {unknown}
 i - a scroll of butterflies {unknown}
 j - 3 scrolls of immolation {unknown}
 k - 2 scrolls of identify {unknown}
 o - a scroll of brand weapon {unknown}
Potions
 f - 4 potions of curing {unknown}
 g - a potion of resistance {unknown}
 h - a potion of haste {unknown}
 l - a potion of brilliance {unknown}
 m - a potion of degeneration {unknown}


   Skills:
 - Level 3.0 Fighting
 * Level 4.4 Axes
 - Level 3.0 Dodging
 - Level 3.0 Shields


You had 3 spell levels left.
You didn't know any spells.
Your spell library contained the following spells:

 Spells                   Type           Power      Damage    Failure   Level
 Apportation              Tloc           0%         N/A       45%         1
 Jinxbite                 Hex            0%         N/A       58%         2
 Alistair's Intoxication  Tmut/Pois      0%         N/A       100%        5


Dungeon Overview and Level Annotations

Branches:
Dungeon (3/15)

Altars:


Innate Abilities, Weirdness & Mutations

You cannot wear most types of armour.
You are amphibious.
You can wear up to eight rings at the same time.
Your skin changes colour to match your surroundings (Stealth+).
Your rubbery body absorbs attacks. (AC +1, EV +1)
((You are camouflaged when in or above water. (Stealth+)))
You have tentacles for arms and can constrict up to eight enemies at once.


Message History

No target in view!
Done exploring.
Unknown command.
No target in view!
Done exploring.
Unknown command.
No target in view!
There is a stone staircase leading down here.
You climb downwards.
Found 2 scrolls labelled HIREDWAGUCW.
Found a stone staircase leading down.
There is a stone staircase leading up here.
Found a leather armour and 10 gold pieces.
j - 3 scrolls labelled HIREDWAGUCW (gained 2)
You now have 55 gold pieces (gained 10).
An ogre comes into view. It is wielding a +0 giant club.
Found an escape hatch in the floor.
The ogre shouts!
Found a robe and a masterwork long sword.
A ball python comes into view.
There are monsters nearby!
Unknown command.
You hit the ogre.
The ogre is moderately wounded.
The ogre hits you with a +0 giant club!!
Ouch! That really hurt!
* * * LOW HITPOINT WARNING * * *
There are monsters nearby!
You are too injured to fight recklessly!
There are monsters nearby!
You are too injured to fight recklessly!
Unknown command.
You feel very mighty all of a sudden.
A worm comes into view.
You slash the ogre!
The ogre is severely wounded.
You block the ogre's attack.
You barely miss the ogre.
The ogre is severely wounded.
The ogre hits you with a +0 giant club.
You die...

.# .# .# # .
###.##. ..
##$.... .. ##.
##....# .##.
#..w.#..#.##.....
#[....O@......#
.)...#..#.###.#
...>.S.##.#
#.....# #.# ##...
#.# .##..## ##.#
....#####..#
#.....[...##
..#####..##


You could see an ogre, a worm and a ball python.

Vanquished Creatures
  2 adders (D:2)
  A dart slug (D:2)
  5 bats
  4 endoplasms
  A giant cockroach (D:1)
  3 goblins
  8 hobgoblins
  6 jackals
  3 quokkas (D:2)
  4 ball pythons (D:1)
  2 frilled lizards (D:1)
  5 kobolds
  4 rats
48 creatures vanquished.

Notes
Turn   | Place    | Note
-------+----------+-------------------------------------------
     0 | D:1      | Kurtz the Octopode Fighter began the quest for the Orb.
     0 | D:1      | Reached XP level 1. HP: 16/16 MP: 1/1
     1 | D:1      | Noticed an electric eel
    54 | D:1      | Reached XP level 2. HP: 21/21 MP: 2/2
    65 | D:1      | Reached skill level 3 in Axes
   254 | D:1      | Reached XP level 3. HP: 26/26 MP: 3/3
   548 | D:2      | Reached skill level 4 in Axes
   681 | D:2      | Found a faded altar of an unknown god.
   752 | D:2      | Reached XP level 4. HP: 30/31 MP: 4/4
  1084 | D:3      | Noticed an ogre
  1090 | D:3      | Slain by an ogre

Illustrated notes

Levels and vault maps discovered:
D:1:      arrival_aquarium_a, layout_rooms
D:2:      layout_basic, shapermc_ecumenical_altar_acropolis
D:3:      layout_rooms

Skill      XL: |  1  2  3 |
---------------+----------+-----
Axes           | 3 4 |  4.4
Fighting       | |  3.0
Dodging        | |  3.0
Shields        | |  3.0

Action                     |  1- 3 |  4- 6 || total
---------------------------+-------+-------++-------
  Melee: War axe           |    59 |    11 ||    70
         Constrict         |    13 |     2 ||    15
         Tentacles         |    11 |     1 ||    12
    Use: Potion            |       |     1 ||     1
   Stab: Sleeping          |     6 |     2 ||     8
 Armour: Skin              |    27 |     5 ||    32
  Dodge: Dodged            |    42 |     3 ||    45
  Block: Buckler           |    10 |     2 ||    12

Table legend: (Time is in decaauts)
 A = Elapsed time spent in this place.
 B = Non-inter-level travel time spent in this place.
 C = Inter-level travel time spent in this place.
 D = Time resting spent in this place.
 E = Time spent auto-exploring this place.
 F = Levels seen in this place.
 G = Mean time per level.
                   A        B        C        D        E       F      G
               +--------+--------+--------+--------+--------+-----+--------+
         Total |   1115 |   1062 |     53 |     58 |    757 |   3 |  371.7 |
       Dungeon |   1115 |   1062 |     53 |     58 |    757 |   3 |  371.7 |
               +--------+--------+--------+--------+--------+-----+--------+

Top non-repeatable levels by time:
     D:2: 547 daAuts
     D:1: 546 daAuts
     D:3: 21 daAuts
